Connexion

Monsters vs Condors

Created - 26 octobre 2023 at 05:53

Goals
1 2 3 T
Monsters 0 0 1 1
Condors 1 1 1 3
Shots
1 2 3 T
Monsters 14 10 17 41
Condors 8 14 8 30

GoalsPenalties
1st period
1. Condors , Brett Pollock 8 (Jonathan Ang 22) at 7:37
Connor Bunnaman (BAK) for Hooking (Minor) at 9:46
2nd period
2. Condors , Marcus Vela 4 (Linus Nassen 19) at 2:10
Chris Bigras (CLE) for High sticking (Minor) at 4:33
3rd period
3. Monsters , Andrew Poturalski 10 (Alex Formenton 28, Nicholas Abruzzese 30) at 0:06
4. Condors , Brady Brassart 6 (Mike Callahan 15, Marcus Vela 13) at 19:51 (Empty Net)
Anthony Angello (CLE) for Interference (Minor) at 3:49
Marc McNulty (BAK) for Hooking (Minor) at 12:30
Marc McNulty (BAK) for Delaying the game (Minor) at 17:23
Goalie Stats
Antoine Bibeau (CLE), 27 saves from 29 shots - (0,931), L, 6-4-1, 59:10 minutes
Kyle Keyser (BAK), 40 saves from 41 shots - (0,976), W, 14-13-1, 60:00 minutes
3 StarsOfficial
1 - Kyle Keyser (BAK)
2 - Marcus Vela (BAK)
3 - Brady Brassart (BAK)
Referees : Rob Martell and Dan O'Rourke
Linesman : Jean Morin and Thor Nelson
Game Note
Jonathan Ang is injured at 1:56 of 3rd period (Broken Ribs)
Brady Brassart has scored in a empty net!
Finance
Level 1 -- Attendance: 1106 (55,30%) -- Ticket Income 55 300 $
Level 2 -- Attendance: 729 (72,90%) -- Ticket Income 16 038 $
Total Attendance: 1835 (61,17%)
Total Ticket Income: 71 338 $
Other Income: 14 268 $
Total Income: 85 606 $



Team Name Goals Shots Shots Attemp Shots Blocked PIM HIT PP PK FO%
Monsters 14173124290 / 3 (0%)044%
Condors 33067126250 / 2 (0%)056%

Monsters
Player Name POS G A P +/- PIM HIT SHT SB MP PP MP PP SHT PK MP PK SHT FO% FOT
Adam GinningD000-1030314:480:0000:0000% 0
Alex FormentonLW011-1005027:023:3902:35050% 4
Andrew PoturalskiC/RW1010033020:523:3911:090100% 1
Anthony AngelloC/RW0000231016:362:1800:0000% 0
Blade JenkinsC/LW0000004014:330:0000:1400% 1
Carsen TwarynskiLW000000304:150:0000:0000% 0
Chris BigrasD0000220114:180:0000:0000% 0
Dysin MayoD000-1020226:023:3902:1600% 0
Luke JohnsonC000002004:150:0000:00050% 6
Mason GeertsenD0000051325:333:3912:1600% 0
Max WillmanC/LW0000023014:190:0000:00036% 22
Mitch ReinkeD000-1021219:392:1801:4200% 0
Nathan WalkerLW000-100000:290:0000:0000% 0
Nicholas AbruzzeseC/LW011-1003022:473:3902:35143% 35
Nicolas PetanC/LW/RW000-10011017:162:1820:00048% 23
Riley SutterRW000-1021014:580:0000:0000% 0
Sean DayD000-1001119:392:1811:4200% 0
Tim GettingerLW000-1034018:392:1811:230100% 1
Condors
Player Name POS G A P +/- PIM HIT SHT SB MP PP MP PP SHT PK MP PK SHT FO% FOT
Anthony CamaraLW/RW0000044019:522:3500:0000% 1
Brady Brassart C/RW1012002010:010:0000:0000% 1
Brett PollockLW/RW1011012017:171:2300:0000% 0
Connor BunnamanC/LW000-1205021:512:1202:52163% 27
Joachim BlichfeldLW/RW000-1015123:542:3504:31050% 10
Jonathan AngC0111000012:230:4400:06063% 16
Julius NattinenC/LW/RW000001007:220:0000:0000% 0
Linus NassenD0112022215:410:0000:0000% 0
Marc McNultyD0000411021:102:0400:5300% 0
Marcus DavidssonC/LW/RW000001009:120:0000:41075% 4
Marcus VelaC1122011014:071:0200:00058% 19
Matt FilipeC/LW0001010018:291:2301:120100% 3
Michael BrodzinskiD0000042321:051:5413:0200% 0
Mike CallahanD0110011123:142:0402:5500% 0
Pascal LabergeC/LW/RW000000207:220:0000:00017% 6
Seth BartonD0000030421:051:5403:0200% 0
Simon FernholmD0002041117:430:0002:0200% 0
Taylor CammarataC/LW0001002012:120:0002:32033% 6



Play-by-Play

1st period


0:01 of 1st period - Andrew Poturalski wins face-off versus Connor Bunnaman in neutral zone.
1:09 of 1st period - Shot by Michael Brodzinski.
1:09 of 1st period - Stopped by Antoine Bibeau without a rebound.
1:10 of 1st period - Taylor Cammarata wins face-off versus Nicolas Petan in Monsters zone.
1:30 of 1st period - Shot by Tim Gettinger.
1:30 of 1st period - Stopped by Kyle Keyser with a rebound.
1:32 of 1st period - Shot by Mitch Reinke.
1:32 of 1st period - Shot Misses the Net.
1:38 of 1st period - Shot by Nicolas Petan.
1:38 of 1st period - Stopped by Kyle Keyser without a rebound.
1:39 of 1st period - Pascal Laberge wins face-off versus Max Willman in Condors zone.
2:12 of 1st period - Shot by Marcus Davidsson.
2:12 of 1st period - Shot Misses the Net.
2:54 of 1st period - Shot by Tim Gettinger.
2:54 of 1st period - Shot Misses the Net.
3:12 of 1st period - Icing by Nicolas Petan.
3:13 of 1st period - Nicolas Petan wins face-off versus Anthony Camara in Monsters zone.
3:46 of 1st period - Shot by Joachim Blichfeld.
3:46 of 1st period - Shot Misses the Net.
4:02 of 1st period - Linus Nassen is hit by Luke Johnson and loses puck.
4:07 of 1st period - Shot by Carsen Twarynski.
4:07 of 1st period - Stopped by Kyle Keyser without a rebound.
4:08 of 1st period - Marcus Vela wins face-off versus Max Willman in Condors zone.
4:22 of 1st period - Shot by Taylor Cammarata.
4:22 of 1st period - Stopped by Antoine Bibeau without a rebound.
4:23 of 1st period - Matt Filipe wins face-off versus Nicholas Abruzzese in Monsters zone.
4:23 of 1st period - Matt Filipe is hit by Mason Geertsen.
4:34 of 1st period - Icing by Mike Callahan.
4:35 of 1st period - Max Willman wins face-off versus Jonathan Ang in Condors zone.
4:50 of 1st period - Icing by Brett Pollock.
4:51 of 1st period - Nicholas Abruzzese wins face-off versus Jonathan Ang in Condors zone.
5:33 of 1st period - Icing by Andrew Poturalski.
5:34 of 1st period - Connor Bunnaman wins face-off versus Nicholas Abruzzese in Monsters zone.
5:38 of 1st period - Icing by Mason Geertsen.
5:39 of 1st period - Nicholas Abruzzese wins face-off versus Marcus Vela in Monsters zone.
5:54 of 1st period - Taylor Cammarata is hit by Mason Geertsen.
6:08 of 1st period - Michael Brodzinski is hit by Tim Gettinger and loses puck.
6:17 of 1st period - Shot by Mitch Reinke.
6:17 of 1st period - Stopped by Kyle Keyser with a rebound.
6:19 of 1st period - Shot by Sean Day.
6:19 of 1st period - Shot Blocked by Michael Brodzinski.
6:34 of 1st period - Shot by Nicolas Petan.
6:34 of 1st period - Stopped by Kyle Keyser without a rebound.
6:35 of 1st period - Max Willman wins face-off versus Connor Bunnaman in Condors zone.
6:40 of 1st period - Shot by Blade Jenkins.
6:40 of 1st period - Stopped by Kyle Keyser without a rebound.
6:41 of 1st period - Connor Bunnaman wins face-off versus Blade Jenkins in Condors zone.
6:41 of 1st period - Connor Bunnaman is hit by Anthony Angello.
7:31 of 1st period - Shot by Pascal Laberge.
7:31 of 1st period - Stopped by Antoine Bibeau without a rebound.
7:32 of 1st period - Jonathan Ang wins face-off versus Nicholas Abruzzese in Monsters zone.
7:35 of 1st period - Shot by Brett Pollock.
7:35 of 1st period - Shot Blocked by Mason Geertsen.
7:37 of 1st period - Shot by Brett Pollock.
7:37 of 1st period - Goal by Brett Pollock - Monsters : 0 - Condors : 1.
7:38 of 1st period - Nicholas Abruzzese wins face-off versus Pascal Laberge in neutral zone.
7:45 of 1st period - Shot by Alex Formenton.
7:45 of 1st period - Stopped by Kyle Keyser with a rebound.
7:47 of 1st period - Shot by Andrew Poturalski.
7:47 of 1st period - Shot Misses the Net.
8:14 of 1st period - Nicholas Abruzzese is hit by Marcus Davidsson and loses puck.
8:21 of 1st period - Simon Fernholm is hit by Mason Geertsen.
8:40 of 1st period - Nicolas Petan is hit by Joachim Blichfeld and loses puck.
8:45 of 1st period - Shot by Connor Bunnaman.
8:45 of 1st period - Stopped by Antoine Bibeau without a rebound.
8:46 of 1st period - Jonathan Ang wins face-off versus Max Willman in Monsters zone.
9:16 of 1st period - Jonathan Ang is hit by Adam Ginning and loses puck.
9:39 of 1st period - Connor Bunnaman is hit by Max Willman and loses puck.
9:46 of 1st period - Minor Penalty to Connor Bunnaman for Hooking.
9:47 of 1st period - Joachim Blichfeld wins face-off versus Nicholas Abruzzese in Condors zone.
10:08 of 1st period - Marc McNulty is hit by Andrew Poturalski and loses puck.
10:27 of 1st period - Shot by Andrew Poturalski.
10:27 of 1st period - Shot Misses the Net.
10:29 of 1st period - Shot by Mason Geertsen.
10:29 of 1st period - Stopped by Kyle Keyser without a rebound.
10:30 of 1st period - Nicolas Petan wins face-off versus Joachim Blichfeld in Condors zone.
10:35 of 1st period - Shot by Tim Gettinger.
10:35 of 1st period - Shot Misses the Net.
10:59 of 1st period - Shot by Sean Day.
10:59 of 1st period - Stopped by Kyle Keyser without a rebound.
11:00 of 1st period - Joachim Blichfeld wins face-off versus Nicholas Abruzzese in Condors zone.
11:06 of 1st period - Icing by Alex Formenton.
11:07 of 1st period - Nicholas Abruzzese wins face-off versus Joachim Blichfeld in Monsters zone.
11:46 of 1st period - Icing by Joachim Blichfeld.
11:47 of 1st period - Jonathan Ang wins face-off versus Nicolas Petan in Condors zone.
12:06 of 1st period - Shot by Brett Pollock.
12:06 of 1st period - Shot Misses the Net.
12:57 of 1st period - Mike Callahan is hit by Anthony Angello and loses puck.
13:12 of 1st period - Shot by Marcus Davidsson.
13:12 of 1st period - Shot Blocked by Adam Ginning.
13:35 of 1st period - Marcus Vela is hit by Chris Bigras and loses puck.
14:30 of 1st period - Shot by Anthony Camara.
14:30 of 1st period - Stopped by Antoine Bibeau with a rebound.
14:44 of 1st period - Shot by Andrew Poturalski.
14:44 of 1st period - Shot Misses the Net.
14:46 of 1st period - Shot by Nicholas Abruzzese.
14:46 of 1st period - Shot Misses the Net.
14:48 of 1st period - Shot by Alex Formenton.
14:48 of 1st period - Shot Blocked by Linus Nassen.
14:50 of 1st period - Shot by Alex Formenton.
14:50 of 1st period - Stopped by Kyle Keyser with a rebound.
14:52 of 1st period - Shot by Alex Formenton.
14:52 of 1st period - Shot Blocked by Joachim Blichfeld.
15:18 of 1st period - Shot by Tim Gettinger.
15:18 of 1st period - Stopped by Kyle Keyser without a rebound.
15:19 of 1st period - Jonathan Ang wins face-off versus Luke Johnson in Condors zone.
15:29 of 1st period - Shot by Alex Formenton.
15:29 of 1st period - Stopped by Kyle Keyser without a rebound.
15:30 of 1st period - Nicolas Petan wins face-off versus Marcus Vela in Condors zone.
15:47 of 1st period - Shot by Nicolas Petan.
15:47 of 1st period - Shot Misses the Net.
16:05 of 1st period - Shot by Nicolas Petan.
16:05 of 1st period - Stopped by Kyle Keyser without a rebound.
16:06 of 1st period - Nicholas Abruzzese wins face-off versus Jonathan Ang in Condors zone.
16:06 of 1st period - Mitch Reinke is hit by Seth Barton and loses puck.
17:24 of 1st period - Shot by Anthony Camara.
17:24 of 1st period - Stopped by Antoine Bibeau without a rebound.
17:25 of 1st period - Marcus Vela wins face-off versus Max Willman in Monsters zone.
17:25 of 1st period - Taylor Cammarata is hit by Dysin Mayo and loses puck.
17:52 of 1st period - Shot by Marcus Vela.
17:52 of 1st period - Shot Misses the Net.
17:54 of 1st period - Shot by Mike Callahan.
17:54 of 1st period - Shot Blocked by Dysin Mayo.
17:56 of 1st period - Shot by Marcus Vela.
17:56 of 1st period - Shot Misses the Net.
17:58 of 1st period - Shot by Mike Callahan.
17:58 of 1st period - Stopped by Antoine Bibeau with a rebound.
18:09 of 1st period - Off-side.
18:10 of 1st period - Nicolas Petan wins face-off versus Connor Bunnaman in neutral zone.
18:20 of 1st period - Adam Ginning is hit by Anthony Camara and loses puck.
18:30 of 1st period - Nicolas Petan is hit by Simon Fernholm and loses puck.
19:15 of 1st period - Shot by Andrew Poturalski.
19:15 of 1st period - Shot Blocked by Seth Barton.
19:17 of 1st period - Shot by Alex Formenton.
19:17 of 1st period - Shot Misses the Net.
19:19 of 1st period - Shot by Andrew Poturalski.
19:19 of 1st period - Shot Misses the Net.
19:21 of 1st period - Shot by Mitch Reinke.
19:21 of 1st period - Shot Misses the Net.
19:23 of 1st period - Shot by Mitch Reinke.
19:23 of 1st period - Shot Misses the Net.
19:25 of 1st period - Shot by Alex Formenton.
19:25 of 1st period - Stopped by Kyle Keyser with a rebound.
19:42 of 1st period - Icing by Michael Brodzinski.
19:43 of 1st period - Max Willman wins face-off versus Pascal Laberge in Condors zone.
19:43 of 1st period - Max Willman is hit by Michael Brodzinski.
Goals for this period are 0 for Monsters vs 1 for Condors.
Shots for this period are 14 for Monsters vs 8 for Condors.

2nd period


0:01 of 2nd period - Nicholas Abruzzese wins face-off versus Connor Bunnaman in neutral zone.
0:16 of 2nd period - Shot by Anthony Camara.
0:16 of 2nd period - Shot Misses the Net.
0:26 of 2nd period - Shot by Nicholas Abruzzese.
0:26 of 2nd period - Stopped by Kyle Keyser without a rebound.
0:27 of 2nd period - Matt Filipe wins face-off versus Nicolas Petan in Condors zone.
0:40 of 2nd period - Seth Barton is hit by Tim Gettinger and loses puck.
0:54 of 2nd period - Icing by Seth Barton.
0:55 of 2nd period - Jonathan Ang wins face-off versus Nicholas Abruzzese in Condors zone.
1:08 of 2nd period - Shot by Matt Filipe.
1:08 of 2nd period - Shot Misses the Net.
1:10 of 2nd period - Shot by Michael Brodzinski.
1:10 of 2nd period - Shot Misses the Net.
2:08 of 2nd period - Shot by Marcus Vela.
2:08 of 2nd period - Shot Misses the Net.
2:10 of 2nd period - Shot by Marcus Vela.
2:10 of 2nd period - Goal by Marcus Vela - Monsters : 0 - Condors : 2.
2:11 of 2nd period - Taylor Cammarata wins face-off versus Max Willman in neutral zone.
2:20 of 2nd period - Shot by Adam Ginning.
2:20 of 2nd period - Shot Misses the Net.
2:22 of 2nd period - Shot by Adam Ginning.
2:22 of 2nd period - Shot Blocked by Simon Fernholm.
2:24 of 2nd period - Shot by Max Willman.
2:24 of 2nd period - Shot Blocked by Linus Nassen.
2:32 of 2nd period - Shot by Blade Jenkins.
2:32 of 2nd period - Stopped by Kyle Keyser with a rebound.
2:34 of 2nd period - Shot by Max Willman.
2:34 of 2nd period - Stopped by Kyle Keyser without a rebound.
2:35 of 2nd period - Luke Johnson wins face-off versus Jonathan Ang in Condors zone.
2:50 of 2nd period - Shot by Carsen Twarynski.
2:50 of 2nd period - Shot Misses the Net.
2:52 of 2nd period - Shot by Carsen Twarynski.
2:52 of 2nd period - Stopped by Kyle Keyser without a rebound.
2:53 of 2nd period - Connor Bunnaman wins face-off versus Nicolas Petan in Condors zone.
3:02 of 2nd period - Shot by Anthony Camara.
3:02 of 2nd period - Shot Misses the Net.
3:08 of 2nd period - Shot by Joachim Blichfeld.
3:08 of 2nd period - Stopped by Antoine Bibeau with a rebound.
3:10 of 2nd period - Shot by Joachim Blichfeld.
3:10 of 2nd period - Shot Blocked by Mitch Reinke.
3:12 of 2nd period - Shot by Connor Bunnaman.
3:12 of 2nd period - Stopped by Antoine Bibeau with a rebound.
3:14 of 2nd period - Shot by Anthony Camara.
3:14 of 2nd period - Shot Misses the Net.
3:19 of 2nd period - Joachim Blichfeld is hit by Mitch Reinke and loses puck.
3:56 of 2nd period - Shot by Taylor Cammarata.
3:56 of 2nd period - Shot Blocked by Mason Geertsen.
3:58 of 2nd period - Shot by Marcus Vela.
3:58 of 2nd period - Deflect By Brady Brassart .
3:58 of 2nd period - Shot Misses the Net.
4:00 of 2nd period - Shot by Brady Brassart .
4:00 of 2nd period - Stopped by Antoine Bibeau without a rebound.
4:01 of 2nd period - Jonathan Ang wins face-off versus Max Willman in Monsters zone.
4:33 of 2nd period - Shot by Simon Fernholm.
4:33 of 2nd period - Stopped by Antoine Bibeau without a rebound.
4:33 of 2nd period - Minor Penalty to Chris Bigras for High sticking.
4:34 of 2nd period - Alex Formenton wins face-off versus Connor Bunnaman in Monsters zone.
4:34 of 2nd period - Alex Formenton is hit by Anthony Camara.
4:57 of 2nd period - Shot by Michael Brodzinski.
4:57 of 2nd period - Stopped by Antoine Bibeau with a rebound.
5:04 of 2nd period - Icing by Seth Barton.
5:05 of 2nd period - Connor Bunnaman wins face-off versus Alex Formenton in Condors zone.
5:14 of 2nd period - Nicholas Abruzzese is hit by Anthony Camara and loses puck.
5:44 of 2nd period - Brett Pollock is hit by Mitch Reinke and loses puck.
7:06 of 2nd period - Blade Jenkins is hit by Linus Nassen and loses puck.
7:54 of 2nd period - Shot by Mike Callahan.
7:54 of 2nd period - Shot Misses the Net.
8:11 of 2nd period - Nicolas Petan is hit by Brett Pollock and loses puck.
8:21 of 2nd period - Shot by Matt Filipe.
8:21 of 2nd period - Shot Misses the Net.
8:27 of 2nd period - Shot by Brett Pollock.
8:27 of 2nd period - Stopped by Antoine Bibeau without a rebound.
8:28 of 2nd period - Connor Bunnaman wins face-off versus Nicholas Abruzzese in Monsters zone.
8:28 of 2nd period - Connor Bunnaman is hit by Mason Geertsen.
9:10 of 2nd period - Shot by Nicholas Abruzzese.
9:10 of 2nd period - Stopped by Kyle Keyser without a rebound.
9:11 of 2nd period - Matt Filipe wins face-off versus Max Willman in Condors zone.
10:14 of 2nd period - Icing by Michael Brodzinski.
10:15 of 2nd period - Marcus Vela wins face-off versus Nicholas Abruzzese in Condors zone.
10:15 of 2nd period - Marcus Vela is hit by Andrew Poturalski.
10:28 of 2nd period - Icing by Mason Geertsen.
10:29 of 2nd period - Joachim Blichfeld wins face-off versus Nicholas Abruzzese in Monsters zone.
10:36 of 2nd period - Shot by Joachim Blichfeld.
10:36 of 2nd period - Stopped by Antoine Bibeau without a rebound.
10:37 of 2nd period - Connor Bunnaman wins face-off versus Nicolas Petan in Monsters zone.
10:48 of 2nd period - Shot by Connor Bunnaman.
10:48 of 2nd period - Shot Misses the Net.
10:52 of 2nd period - Shot by Joachim Blichfeld.
10:52 of 2nd period - Stopped by Antoine Bibeau without a rebound.
10:53 of 2nd period - Jonathan Ang wins face-off versus Nicholas Abruzzese in Monsters zone.
11:35 of 2nd period - Nicholas Abruzzese is hit by Simon Fernholm and loses puck.
12:00 of 2nd period - Sean Day is hit by Matt Filipe and loses puck.
12:18 of 2nd period - Shot by Nicolas Petan.
12:18 of 2nd period - Stopped by Kyle Keyser with a rebound.
12:30 of 2nd period - Anthony Camara is hit by Tim Gettinger and loses puck.
13:14 of 2nd period - Shot by Blade Jenkins.
13:14 of 2nd period - Stopped by Kyle Keyser without a rebound.
13:15 of 2nd period - Luke Johnson wins face-off versus Pascal Laberge in Condors zone.
13:51 of 2nd period - Icing by Mason Geertsen.
13:52 of 2nd period - Luke Johnson wins face-off versus Connor Bunnaman in Monsters zone.
14:07 of 2nd period - Shot by Joachim Blichfeld.
14:07 of 2nd period - Stopped by Antoine Bibeau without a rebound.
14:08 of 2nd period - Nicolas Petan wins face-off versus Brady Brassart in Monsters zone.
14:29 of 2nd period - Shot by Brady Brassart .
14:29 of 2nd period - Shot Misses the Net.
14:31 of 2nd period - Shot by Taylor Cammarata.
14:31 of 2nd period - Stopped by Antoine Bibeau without a rebound.
14:32 of 2nd period - Connor Bunnaman wins face-off versus Max Willman in Monsters zone.
14:44 of 2nd period - Connor Bunnaman is hit by Adam Ginning and loses puck.
14:51 of 2nd period - Shot by Joachim Blichfeld.
14:51 of 2nd period - Shot Misses the Net.
14:53 of 2nd period - Shot by Connor Bunnaman.
14:53 of 2nd period - Deflect By Joachim Blichfeld.
14:53 of 2nd period - Shot Misses the Net.
14:55 of 2nd period - Shot by Connor Bunnaman.
14:55 of 2nd period - Shot Misses the Net.
14:57 of 2nd period - Shot by Anthony Camara.
14:57 of 2nd period - Stopped by Antoine Bibeau without a rebound.
14:58 of 2nd period - Jonathan Ang wins face-off versus Nicholas Abruzzese in Monsters zone.
15:17 of 2nd period - Shot by Alex Formenton.
15:17 of 2nd period - Stopped by Kyle Keyser without a rebound.
15:18 of 2nd period - Connor Bunnaman wins face-off versus Nicolas Petan in Condors zone.
15:18 of 2nd period - Connor Bunnaman is hit by Riley Sutter.
15:26 of 2nd period - Shot by Joachim Blichfeld.
15:26 of 2nd period - Stopped by Antoine Bibeau without a rebound.
15:27 of 2nd period - Connor Bunnaman wins face-off versus Nicholas Abruzzese in Monsters zone.
15:27 of 2nd period - Joachim Blichfeld is hit by Dysin Mayo and loses puck.
16:10 of 2nd period - Icing by Dysin Mayo.
16:11 of 2nd period - Nicholas Abruzzese wins face-off versus Jonathan Ang in Monsters zone.
16:22 of 2nd period - Icing by Jonathan Ang.
16:23 of 2nd period - Jonathan Ang wins face-off versus Nicolas Petan in Condors zone.
16:47 of 2nd period - Off-side.
16:48 of 2nd period - Max Willman wins face-off versus Marcus Vela in neutral zone.
17:05 of 2nd period - Icing by Simon Fernholm.
17:06 of 2nd period - Marcus Vela wins face-off versus Luke Johnson in Condors zone.
17:08 of 2nd period - Simon Fernholm is hit by Luke Johnson and loses puck.
17:28 of 2nd period - Marcus Vela is hit by Mason Geertsen and loses puck.
17:46 of 2nd period - Off-side.
17:47 of 2nd period - Connor Bunnaman wins face-off versus Nicolas Petan in neutral zone.
18:08 of 2nd period - Shot by Marc McNulty.
18:08 of 2nd period - Stopped by Antoine Bibeau without a rebound.
18:09 of 2nd period - Max Willman wins face-off versus Jonathan Ang in Monsters zone.
18:25 of 2nd period - Jonathan Ang is hit by Adam Ginning and loses puck.
18:34 of 2nd period - Shot by Max Willman.
18:34 of 2nd period - Shot Blocked by Michael Brodzinski.
18:36 of 2nd period - Shot by Anthony Angello.
18:36 of 2nd period - Stopped by Kyle Keyser without a rebound.
18:37 of 2nd period - Nicholas Abruzzese wins face-off versus Connor Bunnaman in Condors zone.
18:59 of 2nd period - Shot by Andrew Poturalski.
18:59 of 2nd period - Stopped by Kyle Keyser without a rebound.
19:00 of 2nd period - Marcus Vela wins face-off versus Nicolas Petan in Condors zone.
19:25 of 2nd period - Marcus Vela is hit by Riley Sutter.
Goals for this period are 0 for Monsters vs 1 for Condors.
Shots for this period are 10 for Monsters vs 14 for Condors.

3rd period


0:01 of 3rd period - Nicholas Abruzzese wins face-off versus Connor Bunnaman in neutral zone.
0:06 of 3rd period - Shot by Andrew Poturalski.
0:06 of 3rd period - Goal by Andrew Poturalski - Monsters : 1 - Condors : 2.
0:07 of 3rd period - Nicholas Abruzzese wins face-off versus Connor Bunnaman in neutral zone.
0:10 of 3rd period - Connor Bunnaman is hit by Andrew Poturalski.
0:37 of 3rd period - Alex Formenton is hit by Marc McNulty and loses puck.
1:37 of 3rd period - Icing by Matt Filipe.
1:38 of 3rd period - Jonathan Ang wins face-off versus Max Willman in Condors zone.
1:55 of 3rd period - Jonathan Ang is hit by Anthony Angello and loses puck.
1:56 of 3rd period - Jonathan Ang from Condors is injured at 1:56 of 3rd period (Broken Ribs).
1:57 of 3rd period - Marcus Vela wins face-off versus Nicholas Abruzzese in Condors zone.
2:02 of 3rd period - Alex Formenton is hit by Marcus Vela and loses puck.
2:07 of 3rd period - Shot by Taylor Cammarata.
2:07 of 3rd period - Shot Misses the Net.
2:40 of 3rd period - Icing by Dysin Mayo.
2:41 of 3rd period - Marcus Davidsson wins face-off versus Nicholas Abruzzese in Monsters zone.
2:59 of 3rd period - Mason Geertsen is hit by Seth Barton.
3:06 of 3rd period - Icing by Seth Barton.
3:07 of 3rd period - Marcus Davidsson wins face-off versus Nicolas Petan in Condors zone.
3:38 of 3rd period - Shot by Nicolas Petan.
3:38 of 3rd period - Shot Misses the Net.
3:40 of 3rd period - Shot by Tim Gettinger.
3:40 of 3rd period - Shot Blocked by Seth Barton.
3:46 of 3rd period - Shot by Riley Sutter.
3:46 of 3rd period - Stopped by Kyle Keyser without a rebound.
3:47 of 3rd period - Connor Bunnaman wins face-off versus Max Willman in Condors zone.
3:49 of 3rd period - Minor Penalty to Anthony Angello for Interference.
3:50 of 3rd period - Alex Formenton wins face-off versus Connor Bunnaman in Monsters zone.
4:08 of 3rd period - Shot by Nicholas Abruzzese.
4:08 of 3rd period - Stopped by Kyle Keyser without a rebound.
4:09 of 3rd period - Connor Bunnaman wins face-off versus Alex Formenton in Condors zone.
4:36 of 3rd period - Shot by Anthony Camara.
4:36 of 3rd period - Shot Blocked by Mitch Reinke.
4:38 of 3rd period - Shot by Connor Bunnaman.
4:38 of 3rd period - Shot Misses the Net.
5:03 of 3rd period - Icing by Seth Barton.
5:04 of 3rd period - Tim Gettinger wins face-off versus Marcus Vela in Condors zone.
5:38 of 3rd period - Tim Gettinger is hit by Mike Callahan and loses puck.
6:01 of 3rd period - Shot by Blade Jenkins.
6:01 of 3rd period - Stopped by Kyle Keyser with a rebound.
6:03 of 3rd period - Shot by Max Willman.
6:03 of 3rd period - Stopped by Kyle Keyser without a rebound.
6:04 of 3rd period - Nicolas Petan wins face-off versus Marcus Vela in Condors zone.
6:04 of 3rd period - Riley Sutter is hit by Simon Fernholm and loses puck.
6:08 of 3rd period - Icing by Simon Fernholm.
6:09 of 3rd period - Marcus Vela wins face-off versus Max Willman in Condors zone.
6:52 of 3rd period - Icing by Adam Ginning.
6:53 of 3rd period - Connor Bunnaman wins face-off versus Max Willman in Monsters zone.
7:06 of 3rd period - Shot by Connor Bunnaman.
7:06 of 3rd period - Shot Blocked by Chris Bigras.
7:08 of 3rd period - Shot by Connor Bunnaman.
7:08 of 3rd period - Stopped by Antoine Bibeau without a rebound.
7:09 of 3rd period - Nicholas Abruzzese wins face-off versus Marcus Vela in Monsters zone.
7:11 of 3rd period - Icing by Alex Formenton.
7:12 of 3rd period - Connor Bunnaman wins face-off versus Nicholas Abruzzese in Monsters zone.
7:20 of 3rd period - Mason Geertsen is hit by Seth Barton.
7:41 of 3rd period - Alex Formenton is hit by Michael Brodzinski and loses puck.
8:04 of 3rd period - Shot by Riley Sutter.
8:04 of 3rd period - Deflect By Nicolas Petan.
8:04 of 3rd period - Shot Misses the Net.
8:20 of 3rd period - Shot by Nicolas Petan.
8:20 of 3rd period - Stopped by Kyle Keyser without a rebound.
8:21 of 3rd period - Marcus Vela wins face-off versus Max Willman in Condors zone.
8:21 of 3rd period - Marcus Vela is hit by Max Willman.
8:38 of 3rd period - Shot by Brett Pollock.
8:38 of 3rd period - Deflect By Matt Filipe.
8:38 of 3rd period - Shot Misses the Net.
8:40 of 3rd period - Shot by Matt Filipe.
8:40 of 3rd period - Shot Hit the Post.
8:42 of 3rd period - Shot by Marcus Vela.
8:42 of 3rd period - Shot Misses the Net.
8:44 of 3rd period - Shot by Mike Callahan.
8:44 of 3rd period - Shot Blocked by Adam Ginning.
9:17 of 3rd period - Shot by Julius Nattinen.
9:17 of 3rd period - Deflect By Pascal Laberge.
9:17 of 3rd period - Stopped by Antoine Bibeau without a rebound.
9:18 of 3rd period - Nicholas Abruzzese wins face-off versus Pascal Laberge in Monsters zone.
9:18 of 3rd period - Nicholas Abruzzese is hit by Julius Nattinen.
9:27 of 3rd period - Nicholas Abruzzese is hit by Simon Fernholm and loses puck.
9:47 of 3rd period - Icing by Dysin Mayo.
9:48 of 3rd period - Connor Bunnaman wins face-off versus Nicholas Abruzzese in Monsters zone.
9:49 of 3rd period - Shot by Anthony Camara.
9:49 of 3rd period - Stopped by Antoine Bibeau without a rebound.
9:50 of 3rd period - Connor Bunnaman wins face-off versus Nicolas Petan in Monsters zone.
10:15 of 3rd period - Shot by Nicolas Petan.
10:15 of 3rd period - Stopped by Kyle Keyser without a rebound.
10:16 of 3rd period - Marcus Vela wins face-off versus Nicholas Abruzzese in Condors zone.
10:26 of 3rd period - Icing by Marc McNulty.
10:27 of 3rd period - Marcus Vela wins face-off versus Luke Johnson in Condors zone.
11:30 of 3rd period - Mitch Reinke is hit by Anthony Camara and loses puck.
11:59 of 3rd period - Shot by Tim Gettinger.
11:59 of 3rd period - Stopped by Kyle Keyser without a rebound.
12:00 of 3rd period - Max Willman wins face-off versus Pascal Laberge in Condors zone.
12:05 of 3rd period - Shot by Max Willman.
12:05 of 3rd period - Stopped by Kyle Keyser without a rebound.
12:06 of 3rd period - Marcus Davidsson wins face-off versus Max Willman in Condors zone.
12:18 of 3rd period - Shot by Marcus Davidsson.
12:18 of 3rd period - Shot Blocked by Adam Ginning.
12:20 of 3rd period - Shot by Linus Nassen.
12:20 of 3rd period - Stopped by Antoine Bibeau without a rebound.
12:21 of 3rd period - Nicholas Abruzzese wins face-off versus Marcus Vela in Monsters zone.
12:30 of 3rd period - Minor Penalty to Marc McNulty for Hooking.
12:31 of 3rd period - Joachim Blichfeld wins face-off versus Nicholas Abruzzese in Condors zone.
12:47 of 3rd period - Shot by Dysin Mayo.
12:47 of 3rd period - Shot Misses the Net.
13:02 of 3rd period - Shot by Dysin Mayo.
13:02 of 3rd period - Shot Blocked by Seth Barton.
13:04 of 3rd period - Shot by Andrew Poturalski.
13:04 of 3rd period - Stopped by Kyle Keyser without a rebound.
13:05 of 3rd period - Nicolas Petan wins face-off versus Joachim Blichfeld in Condors zone.
13:12 of 3rd period - Shot by Sean Day.
13:12 of 3rd period - Shot Misses the Net.
13:17 of 3rd period - Nicolas Petan is hit by Michael Brodzinski and loses puck.
13:26 of 3rd period - Shot by Sean Day.
13:26 of 3rd period - Shot Misses the Net.
13:28 of 3rd period - Shot by Sean Day.
13:28 of 3rd period - Shot Blocked by Michael Brodzinski.
13:30 of 3rd period - Shot by Nicolas Petan.
13:30 of 3rd period - Shot Blocked by Seth Barton.
13:33 of 3rd period - Anthony Angello is hit by Michael Brodzinski and loses puck.
13:38 of 3rd period - Shot by Nicolas Petan.
13:38 of 3rd period - Stopped by Kyle Keyser without a rebound.
13:39 of 3rd period - Nicholas Abruzzese wins face-off versus Taylor Cammarata in Condors zone.
13:42 of 3rd period - Shot by Nicholas Abruzzese.
13:42 of 3rd period - Shot Blocked by Mike Callahan.
14:01 of 3rd period - Off-side.
14:02 of 3rd period - Nicolas Petan wins face-off versus Joachim Blichfeld in neutral zone.
15:04 of 3rd period - Shot by Carsen Twarynski.
15:04 of 3rd period - Stopped by Kyle Keyser without a rebound.
15:05 of 3rd period - Max Willman wins face-off versus Marcus Vela in Condors zone.
15:18 of 3rd period - Shot by Blade Jenkins.
15:18 of 3rd period - Shot Misses the Net.
15:42 of 3rd period - Shot by Matt Filipe.
15:42 of 3rd period - Shot Misses the Net.
15:54 of 3rd period - Off-side.
15:55 of 3rd period - Connor Bunnaman wins face-off versus Nicholas Abruzzese in neutral zone.
16:21 of 3rd period - Shot by Linus Nassen.
16:21 of 3rd period - Stopped by Antoine Bibeau with a rebound.
16:27 of 3rd period - Shot by Joachim Blichfeld.
16:27 of 3rd period - Shot Blocked by Sean Day.
16:33 of 3rd period - Shot by Connor Bunnaman.
16:33 of 3rd period - Stopped by Antoine Bibeau with a rebound.
16:52 of 3rd period - Marc McNulty is hit by Chris Bigras and loses puck.
17:01 of 3rd period - Shot by Nicolas Petan.
17:01 of 3rd period - Stopped by Kyle Keyser without a rebound.
17:02 of 3rd period - Marcus Vela wins face-off versus Nicolas Petan in Condors zone.
17:22 of 3rd period - Shot by Nicolas Petan.
17:22 of 3rd period - Stopped by Kyle Keyser without a rebound.
17:23 of 3rd period - Max Willman wins face-off versus Marcus Davidsson in Condors zone.
17:23 of 3rd period - Minor Penalty to Marc McNulty for Delaying the game.
17:24 of 3rd period - Joachim Blichfeld wins face-off versus Nicholas Abruzzese in Condors zone.
17:40 of 3rd period - Shot by Simon Fernholm.
17:40 of 3rd period - Shot Blocked by Mason Geertsen.
17:42 of 3rd period - Shot by Mike Callahan.
17:42 of 3rd period - Shot Blocked by Dysin Mayo.
17:44 of 3rd period - Shot by Connor Bunnaman.
17:44 of 3rd period - Stopped by Antoine Bibeau with a rebound.
18:25 of 3rd period - Shot by Tim Gettinger.
18:25 of 3rd period - Stopped by Kyle Keyser without a rebound.
18:26 of 3rd period - Nicolas Petan wins face-off versus Taylor Cammarata in Condors zone.
18:37 of 3rd period - Shot by Tim Gettinger.
18:37 of 3rd period - Deflect By Nicolas Petan.
18:37 of 3rd period - Stopped by Kyle Keyser without a rebound.
18:38 of 3rd period - Nicholas Abruzzese wins face-off versus Joachim Blichfeld in Condors zone.
19:01 of 3rd period - Monsters, Antoine Bibeau is pulled from the net.
19:23 of 3rd period - Shot by Nicolas Petan.
19:23 of 3rd period - Stopped by Kyle Keyser with a rebound.
19:51 of 3rd period - Shot by Brady Brassart .
19:51 of 3rd period - Goal by Brady Brassart - Monsters : 1 - Condors : 3.
19:51 of 3rd period - Antoine Bibeau from Monsters was sent back in the game.
19:52 of 3rd period - Nicolas Petan wins face-off versus Taylor Cammarata in neutral zone.
19:56 of 3rd period - Icing by Linus Nassen.
19:57 of 3rd period - Nicolas Petan wins face-off versus Taylor Cammarata in Condors zone.
19:57 of 3rd period - Sean Day is hit by Linus Nassen and loses puck.
Goals for this period are 1 for Monsters vs 1 for Condors.
Shots for this period are 17 for Monsters vs 8 for Condors.